Cogmind - Beta 15 @@@ ROGUE MODE // 2025.07.13 @ 17:20:22 Player: BlobtheGreat Result: Destroyed by D-53 Grenadier with Mini Grenade Launcher Performance ------------- Evolutions (0) 0 Regions Visited (2) 400 Robots Destroyed (36) 180 Value Destroyed (612) 612 Prototype IDs (0) 0 Alien Tech Used (0) 0 Bonus (0) 0 TOTAL SCORE: 1192 Bonus ------- None Cogmind --------- Core Integrity 0/250 Matter 297/300 Energy 160/160 System Corruption 0% Temperature Cool (0) Movement Walking (400) Ox4 Location -10/Mines Parts ------- > --- POWER (1) -------- Light Nuclear Core > --- PROPULSION (2) --- Aluminum Leg > --- UTILITY (2) ------ High-capacity Storage Unit Core Shielding > --- WEAPON (2) ------- Light Assault Rifle > --- INVENTORY (20) --- Ion Engine Light Treads Light Treads Wheel Wheel Large Storage Unit High-capacity Matter Pod (200) Seismic Detector Seismic Detector Light Armor Plating Light Armor Plating Hacking Suite EM Pulse Gun Assault Rifle Light Assault Rifle Battle Cannon Mining Laser Explosive Trap Explosive Trap Explosive Trap Peak State ------------ > --- POWER ------------ Light Nuclear Core > --- PROPULSION ------- Aluminum Leg Aluminum Leg > --- UTILITY ---------- High-capacity Storage Unit Seismic Detector > --- WEAPON ----------- Assault Rifle Light Assault Rifle > --- INVENTORY -------- Ion Engine Light Treads Light Treads Aluminum Leg Wheel Wheel Small Storage Unit Large Storage Unit High-capacity Matter Pod Seismic Detector Core Shielding Light Armor Plating Light Armor Plating Hacking Suite EM Pulse Gun Light Assault Rifle Light Assault Rifle Mining Laser [Rating: 11] Favorites ----------- Power Light Nuclear Core Engine Ion Engine Power Core Light Nuclear Core Propulsion Aluminum Leg Treads Light Treads Leg Aluminum Leg Utility High-capacity Storage Unit Device Seismic Detector Storage High-capacity Storage Unit Protection Core Shielding Weapon Assault Rifle Ballistic Gun Assault Rifle Build | -11 -10 -10 ------- Run | Yrd Mat Min Slots Evolved . | . . . Power . | . . . Propulsion . | . . . Utility . | . . . Weapon . | . . . Parts Attached 21 | 7 11 3 Power 4 | 1 2 1 Engine 2 | 1 1 . Core 2 | . 1 1 Reactor . | . . . Propulsion 8 | 2 5 1 Treads 1 | . 1 . Leg 7 | 2 4 1 Wheel . | . . . Hover . | . . . Flight . | . . . Utility 5 | 2 2 1 Device 2 | 1 1 . Storage 2 | 1 1 . Processor . | . . . Hackware . | . . . Protection 1 | . . 1 Artifact . | . . . Weapon 4 | 2 2 . Energy Gun . | . . . Energy Cannon . | . . . Ballistic Gun 4 | 2 2 . Ballistic Cannon . | . . . Launcher . | . . . Special Weapon . | . . . Impact Weapon . | . . . Slashing Weapon . | . . . Piercing Weapon . | . . . Special Melee Weapon . | . . . Unidentified Prototypes . | . . . Parts Lost 8 | . 5 3 Power 2 | . 1 1 Propulsion 3 | . 2 1 Utility . | . . . Weapon 3 | . 2 1 Highest Loss Streak 5 | . 5 2 To Critical Strikes . | . . . Average Backups 11 | 4 11 17 Power . | . . 1 Propulsion 3 | 3 3 4 Utility 4 | . 4 7 Weapon 2 | . 2 4 Tool/Special . | . . . Unused Backups 17 | . . 17 Power 2 | . . 2 Propulsion 4 | . . 4 Utility 6 | . . 6 Weapon 5 | . . 5 Tool/Special . | . . . Average Slot Usage (%) 98 | . 98 98 Engine 5 | . 6 . Core 7 | . 6 12 Leg 27 | . 27 27 Device 13 | . 14 10 Storage 14 | . 14 14 Ballistic Gun 27 | . 27 28 Peak Build Rating 11 | 7 11 11 Average Rating 9 | 5 8 10 On Entrance 6 | . 7 11 Naked Turns . | . . . Heaviest Build 49 | 14 49 49 Greatest Support 20 | 20 20 20 Greatest Overweight (x) 14 | . 14 2 Average Overweight (x) 1 | . 2 2 Largest Inventory Capacity 20 | 8 20 20 Average Capacity 19 | 7 19 20 Most Carried 20 | 7 18 20 Average Carried 12 | 4 11 19 Final Capacity 20 | 8 20 20 Final Carried 20 | 7 18 20 Class Distribution -------------------- 100% | Mutant Dominant Class ---------------- Mutant | -10/Materials Mutant | -10/Mines Resources | -11 -10 -10 ----------- Run | Yrd Mat Min Matter Collected 1113 | 314 608 191 Remotely . | . . . Salvage Created 1235 | 174 889 172 Parts 71 | 16 51 4 Haulers Intercepted 2 | . 2 . Recyclers Shooed 5 | . 4 1 Parts Field Recycled . | . . . Retrieved Matter . | . . . Parts Self-Destructed . | . . . Prevented . | . . . Kills | -11 -10 -10 ------- Run | Yrd Mat Min Combat Hostiles Destroyed 19 | . 17 2 Guns 19 | . 17 2 Classes Destroyed 8 | 2 6 . Worker 1 | . 1 . Tunneler 4 | 4 . . Hauler 2 | . 2 . Recycler 5 | 1 3 1 Operator 2 | . 2 . Watcher 3 | . 3 . Swarmer 9 | . 9 . Grunt 10 | . 8 2 Best Kill Streak 3 | 3 3 3 Combat Bots Only 3 | . 3 2 Max Kills in Single Turn 2 | 1 2 1 Gunslinging 1 | . 1 . Exploded . | . . . Melee . | . . . Uniques/NPCs Destroyed . | . . . Combat | -11 -10 -10 -------- Run | Yrd Mat Min Hostile Shots Fired 112 | . 96 16 Missed 29 | . 26 3 Hits 83 | . 70 13 Projectile 83 | . 70 13 AOE 6 | . 1 5 Critical Strikes 3 | . 3 . Damage Taken 1249 | . 902 347 Core 255 | . 220 35 Absorbed by Shields . | . . . Redirected to Shielding 8 | . . 8 Core Remaining (%) 100 | 100 . . Volleys Fired 134 | 11 110 13 Largest 2 | 2 2 2 Hottest 40 | 40 40 40 Shots Fired 258 | 22 210 26 Gun 258 | 22 210 26 Cannon . | . . . Launcher . | . . . Special . | . . . Kinetic 258 | 22 210 26 Thermal . | . . . Explosive . | . . . Electromagnetic . | . . . Robot Hit Streak 12 | 9 12 6 Robot Miss Streak 5 | 2 5 3 Penetration Max . | . . . Secondary Targets 4 | . 3 1 Max Gunslinging Chain 1 | . 1 1 Shots Hit Robots 158 | 14 125 19 Core Hits 64 | 7 49 8 Critical Kills . | . . . Critical Parts Destroyed . | . . . Critical Strikes . | . . . Melee Attacks . | . . . Impact . | . . . Slashing . | . . . Piercing . | . . . Sneak Attacks . | . . . Combat Hostiles . | . . . Follow-up Attacks . | . . . Damage Inflicted 1769 | 160 1404 205 Guns 1748 | 160 1383 205 Cannons . | . . . Explosions . | . . . Melee . | . . . Ramming 21 | . 21 . Kinetic 1748 | 160 1383 205 Thermal . | . . . Explosive . | . . . Electromagnetic . | . . . Impact . | . . . Slashing . | . . . Piercing . | . . . Highest Corruption . | . . . Average Corruption . | . . . Corruption Purged . | . . . Corruption Blocked . | . . . Overload Shots . | . . . Overflow Damage . | . . . Projectiles . | . . . Explosions . | . . . Melee . | . . . Knockbacks . | . . . Impact . | . . . Kinetic . | . . . Secondary . | . . . Self-Inflicted Damage . | . . . Shots . | . . . Rammed . | . . . Targets Rammed 4 | . 4 . Kicked 4 | . 4 . Crushed . | . . . Highest Temperature 26 | . 18 26 Average Temperature 5 | . 5 7 Received Heat Transfer 297 | . 228 69 Siege Activations . | . . . Martial Activations . | . . . Shielding Activations . | . . . Robots Disrupted . | . . . Combat Hostiles . | . . . Robots Corrupted . | . . . Combat Hostiles . | . . . Parts Fried . | . . . Impact Corruptions . | . . . Robots Melted . | . . . Combat Hostiles . | . . . Parts Melted . | . . . Heat Transferred . | . . . Parts Sabotaged . | . . . Parts Stolen . | . . . Parts Stripped . | . . . Power Chain Reactions . | . . . Alert | -11 -10 -10 ------- Run | Yrd Mat Min Maximum Alert Level . | . . . Low Security (%) 100 | 100 100 100 Level 1 . | . . . Level 2 . | . . . Level 3 . | . . . Level 4 . | . . . Level 5 . | . . . High Security . | . . . Max Security . | . . . Peak Influence 110 | 10 110 47 Initial 19 | . . 19 Average 28 | 1 35 6 Influence Increases 610 | 25 530 55 Destroy 0b10 Robot/C 380 | . 340 40 Destroy 0b10 Robot/NC 85 | 25 55 5 Destroy Leader 80 | . 70 10 Successful Hack 19 | . 19 . Destroy Structure 1 | . 1 . Lose Combat Pursuer 45 | . 45 . Influence Decreases 610 | 25 478 107 Entered New Map 33 | . . 33 Time Decay 530 | 25 438 67 Lost Part 47 | . 40 7 Squads Dispatched 2 | . 2 . Investigation . | . . . Extermination . | . . . Reinforcement 2 | . 2 . Assault . | . . . Garrison . | . . . Intercept . | . . . Searches Triggered . | . . . Construction Impeded . | . . . Haulers Reinforced . | . . . Active Scanning Responses . | . . . Cargo Convoy Interrupts . | . . . Stealth | -11 -10 -10 --------- Run | Yrd Mat Min Distress Signals 1 | . 1 . Communications Jammed . | . . . Distress Signals . | . . . Times Spotted 35 | . 31 4 Peak Tracking Total 4 | . 4 2 Tactical Retreats 2 | . 2 . Traps | -11 -10 -10 ------- Run | Yrd Mat Min Traps Triggered 2 | . 2 . Indirectly . | . . . Trap Hack Attempts . | . . . Triggered . | . . . Disarmed . | . . . Reprogrammed . | . . . Reused . | . . . Traps Extracted . | . . . Installed . | . . . Triggered . | . . . Most Traps Carried 3 | . . 3 Machines | -11 -10 -10 ---------- Run | Yrd Mat Min Machines Disabled . | . . . Max in Single Turn . | . . . Machines Repaired . | . . . Machines Dismantled . | . . . Machines Sabotaged . | . . . Overloaded Fab Kills . | . . . Hacking | -11 -10 -10 --------- Run | Yrd Mat Min Machines Accessed 4 | . 4 . Terminals 4 | . 4 . Fabricators . | . . . Repair Stations . | . . . Recycling Units . | . . . Scanalyzers . | . . . Garrison Access . | . . . Total Hacks 10 | . 10 . Successful 6 | . 6 . Failed 4 | . 4 . Catastrophic 2 | . 2 . Database Lockouts . | . . . Manual 9 | . 9 . Terminals 10 | . 10 . Fabricators . | . . . Repair Stations . | . . . Recycling Units . | . . . Scanalyzers . | . . . Garrison Access . | . . . Terminal Hacks 3 | . 3 . Robot Analysis 2 | . 2 . Alert Level 1 | . 1 . Fabricator Hacks . | . . . Repair Station Hacks . | . . . Recycling Unit Hacks . | . . . Scanalyzer . | . . . Garrison Access Hacks . | . . . Unauthorized Hacks 3 | . 3 . Terminals 3 | . 3 . Skim 3 | . 3 . Fabricators . | . . . Repair Stations . | . . . Recycling Units . | . . . Scanalyzers . | . . . Garrison Access . | . . . Data Cores Recovered . | . . . Used . | . . . Hacking Detections 4 | . 4 . Full Trace Events . | . . . Feedback Events . | . . . Feedback Blocked . | . . . Robot Schematics Acquired . | . . . Robots Built . | . . . Authchips . | . . . Time . | . . . Total Robot Build Rating . | . . . Part Schematics Acquired . | . . . Parts Built . | . . . Authchips . | . . . Time . | . . . Total Part Build Rating . | . . . Parts Repaired . | . . . Time . | . . . Parts Recycled . | . . . Recycled Matter . | . . . Retrieved Matter . | . . . Retrieved Components . | . . . Parts Scanalyzed . | . . . Part Schematics Acquired . | . . . Parts Damaged . | . . . Bothacking | -11 -10 -10 ------------ Run | Yrd Mat Min Used RIF Installer . | . . . Robots Hacked . | . . . Non-combat . | . . . Combat . | . . . Robot Hacks Applied . | . . . Relay Couplers Released . | . . . Fabnet Peak Effective % . | . . . Robots Rewired . | . . . Allies Hacked . | . . . Hacks Repelled . | . . . Allies | -11 -10 -10 -------- Run | Yrd Mat Min Total Allies . | . . . Largest Group . | . . . Highest-Rated Group . | . . . Highest-Rated Ally . | . . . Total Orders . | . . . Ally Attacks . | . . . Total Damage . | . . . Kills . | . . . Allies Corrupted . | . . . Allies Melted . | . . . Intel | -11 -10 -10 ------- Run | Yrd Mat Min Active Infowar (turns) 3200 | 65 2696 439 Seismic 3200 | 65 2696 439 Robot Analysis Total 2 | . 2 . Derelict Logs Recovered . | . . . Drone Launches . | . . . Drone Recoveries . | . . . Exploration | -11 -10 -10 ------------- Run | Yrd Mat Min Turns Passed 3432 | 160 2696 576 Spaces Moved 1192 | 98 891 203 Core 8 | 7 1 . Treads . | . . . Legs 1184 | 91 890 203 Wheels . | . . . Hover . | . . . Flight . | . . . Fastest Speed 50 | 50 120 260 Average Speed 247 | 115 259 260 Slowest Speed 750 | 120 750 260 Overloaded Moves . | . . . Propulsion Burnouts . | . . . Robots Hopped . | . . . Potential Cave-ins . | . . . Cave-ins Triggered . | . . . Exploration Rate (%) 44 | 4 81 49 Regions Visited 2 Branch Regions 1 Pre-discovered Areas 1 | . . 1 Known Exits Taken . | . . . Unknown Exits Taken 2 | 1 1 . Scrap Searched 1 | . . 1 Spaces Dug . | . . . Terrain Destroyed . | . . . Melee . | . . . Projectile . | . . . AOE . | . . . Terrain Rammed . | . . . Walls Destroyed . | . . . Machines Disabled . | . . . Actions | -11 -10 -10 --------- Run | Yrd Mat Min Total 1428 | 122 1075 231 Wait 44 | . 43 1 Move 1190 | 97 890 203 Hop . | . . . Pick Up 26 | 7 13 6 Fast Attach 11 | 7 3 1 Attach 5 | . 5 . Detach . | . . . Swap 7 | . 5 2 Drop 7 | . 2 5 Fire 134 | 11 110 13 Melee . | . . . Ram . | . . . Kick 4 | . 4 . Crush . | . . . Escape Stasis . | . . . Rewire . | . . . Trap . | . . . Miscellaneous . | . . . Route ------- -11/Scrapyard -10/Materials (discovered 4 exits: [*Mat x3] / [*Min]) -10/Mines History --------- Turn | Location | Event 11 | -11/Scrapyard | Discovered new exit (range 14) 161 | -11/Scrapyard | Entered Materials 307 | -10/Materials | Build established: Mutant 952 | -10/Materials | Discovered new exit (range 15) 1316 | -10/Materials | Discovered new exit (range 9) 1508 | -10/Materials | Core integrity fell below 50% 1518 | -10/Materials | Core integrity fell below 20% 1548 | -10/Materials | Lost 5 parts (1p2n2w) 1674 | -10/Materials | Discovered new exit (range 16) 1920 | -10/Materials | Discovered new exit (range 14) 2857 | -10/Materials | Entered Mines 2858 | -10/Mines | Learned location of Storage (-7) 2881 | -10/Mines | Found a hidden stash of uninstalled traps 2931 | -10/Mines | Found DCF Scrap (11 items) 3374 | -10/Mines | A weapon hastily lodged in a ceiling crevice suddenly fell to the ground 3387 | -10/Mines | Assembled infested the area 3433 | -10/Mines | Destroyed by D-53 Grenadier with Mini Grenade Launcher Last Messages --------------- 03360_ K-01 Serf collects debris. 03362_ Acquired Lgt. Nuclear Core. 03364_ Acquired 29 matter. 03374_ A Battle Cannon has been hastily shoved under some rubble with a note attached: "To battle!" 03379_ Dropped Sml. Storage Unit. 03380_ Acquired Battle Cannon. 03387_ ALERT: Infestation in the mines, dispatching Demolisher response squad. 03407_ R-06 Scavenger collects Com. Wheel. 03411_ R-06 Scavenger collects Aluminum Leg. 03415_ R-06 Scavenger collects Com. Wheel. 03427_ C-30 ARC bursts open, deploying its payload. 03427_ D-53 Grenadier unfolds itself. 03427_ Aluminum Leg destroyed. 03429_ K-01 Serf collects debris. 03431_ K-01 Serf destroyed. 03433_ Assault Rifle destroyed. Map ----- +----------------------------------------------------+ | | | | | | | | | | | | | | | | | | | | | | | | | | | | | | | | | ?????????????????????????????????????????????????? | | ?????????????????????????????????????????????????? | | ?????????????????????????????????????????????????? | | ??????????????????????????##????????????####?????? | | ?????????????????????##### ##??????????## ##???## | | ?????????????????????# ############ ##### | | ????????????????????## | | ????????????????????# """ | | ????????????????###### d """ ##### #### | | ????????????????# % @ %d""" #???## | | ????????????????# % #????# | | ????????????????# ### ## #????# #### | | ?????????????#### #### ### #???# ##??# | | ????????????## ! #### # ###?# #??# ##???? | | ???????????## #?######???## ##?? ##????? | | ???????????# #???????????# ? ##?????? | | ??????????# #???????????# ## ???????? | | ??????????# #???????????# ## ???????? | | ??????????# #???????????# ???????? | | ??????????# ##???????????# ## #???????? | | ??????????# ######????????????# ?# #???###### | | ?????????? ##?????????????????? ?# ????## | | ????????? #??????????????????????## #??## | | ????????# ???????????????????????# ### | | ????????## ???????????????????????# | | ?????????# ???????????????????????# | | ?????????# ????????????????????????# | | ?????????# ?????????????????????????## | | ?????????# ??????????????????????????## | | ????????? ???????????????????????????## ### | | ??????????????????????????????????????## ##?# | | ??????????????????????????????????????# #??# | | ??????????????????????????????????????# ##?# | | ??????????????????????????????????#???# #### | +----------------------------------------------------+ Best States ------------- Heat Dissipation 25 Energy Generation 14 Energy Capacity 250 Matter Stores 300 Matter Capacity 300 Sight Range 16 Terrain Scan Density 10 Core Shielding 20 Evasion (%) 55 Recoil Reduction 1 Item Schematics ----------------- None Robot Schematics ------------------ None Fabricated ------------ Nothing Repaired ---------- Nothing Alien Tech Used ----------------- None Achievements -------------- None Challenges ------------ None Game ------ Seed TechLightpackTrident Manual? 0 Play Time 00:12:25 Cumulative 79.4 hours Start 2025.07.13 @ 17:09:22 End 2025.07.13 @ 17:20:22 Sessions 1 Manual Loads 0 Difficulty Rogue Special Mode None Game No. 76 Rogue 76 Adventurer 0 Explorer 0 Win Type - Total 1 Types 1/0/0/0/0/0/0/0/0/0 Lore% 43 Gallery% 43 Achievement% 44 Wizard Run 0 Options --------- Layout 1 ASCII 0 Keyboard 1 Movement Arrows Keybinds 0 Fullscreen 1 Font 24/Smallcaps Map View 50x40 Zoom Use 0% Tactical HUD 1 Map Filters NONE Filters NONE Steam 1 RUN: eff536b8-ce5e-45e5-8af1-80f8bf7650a4